 Dungeon Crawl Stone Soup version 0.28-a0-461-g2dc4ca5097 (webtiles) character file.

Game seed: 8228924232320348131

18 mg7810 the Sneak (level 2, 0/27 HPs)
             Began as a Minotaur Delver on Sept 13, 2021.
             Succumbed to a kobold's poison
             ... on level 4 of the Dungeon.
             The game lasted 00:01:48 (172 turns).

mg7810 the Sneak (Minotaur Delver)                   Turns: 172, Time: 00:01:48

Health: 0/27       AC:  3    Str: 16    XL:     2   Next: 48%
Magic:  1/1        EV: 11    Int:  7    God:
Gold:   0          SH:  0    Dex: 11    Spells: 1/1 levels left

rFire   . . .      SeeInvis .   a - +0 hand axe
rCold   . . .      Faith    .   (no shield)
rNeg    . . .      Spirit   .   b - +0 leather armour
rPois   .          Reflect  .   (helmet restricted)
rElec   .          Harm     .   (no cloak)
rCorr   .          Rampage  .   (no gloves)
Will    .....                   (no boots)
Stlth   ++........              (no amulet)
HPRegen 0.09/turn               (no ring)
MPRegen 0.07/turn               (no ring)

@: lethally poisoned (0 -> -2)
A: horns 2, retaliatory headbutt
a: no special abilities


You were on level 4 of the Dungeon.
You visited 1 branch of the dungeon, and saw 2 of its levels.

Inventory:

Hand Weapons
 a - a +0 hand axe (weapon)
Armour
 b - a +0 leather armour (worn)
Wands
 g - a wand of digging (3)
Scrolls
 c - a scroll of fog
 d - a scroll of magic mapping
 e - a scroll of fear
 h - a scroll of acquirement {unknown}
 i - a scroll of enchant armour {unknown}
 j - a scroll of vulnerability {unknown}
 k - a scroll of identify {unknown}
 l - a scroll of blinking {unknown}
Potions
 f - a potion of haste


   Skills:
 + Level 3.7 Fighting
 + Level 2.5 Axes
 * Level 0.6 Armour
 + Level 2.2 Dodging
 + Level 4.3 Stealth
 * Level 0.5 Unarmed Combat
 * Level 0.4 Evocations


You had one spell level left.
You didn't know any spells.
Your spell library contained the following spells:

 Spells                   Type           Power      Damage    Failure   Level
 Dazzling Flash           Conj/Hex       0%         N/A       86%         3
 Agony                    Necr           0%         N/A       100%        5
 Silence                  Hex/Air        0%         N/A       100%        5


Dungeon Overview and Level Annotations

Branches:
Dungeon (5/15)
 Temple: D:4-7

Altars:
Xom


Innate Abilities, Weirdness & Mutations

You have a pair of horns on your head.
You reflexively headbutt those who attack you in melee.


Message History

The ball python hisses angrily.
You slash the ball python!
You kill the ball python!
A kobold comes into view.
It is wielding a +0 whip and quivering poisoned darts.
You see here a scroll labelled XAMUROREYPH.
l - a scroll labelled XAMUROREYPH The kobold shouts!
The kobold throws a poisoned dart.
The poisoned dart barely misses you.
The kobold throws a poisoned dart.
The poisoned dart closely misses you.
The kobold throws a poisoned dart.
The poisoned dart hits you!
You are poisoned.
You feel very sick. The kobold hits you but does no damage.
You hit the kobold.
The kobold is moderately wounded.
* * * LOW HITPOINT WARNING * * *
You feel sick. The kobold hits you but does no damage.
You hit the kobold.
The kobold is heavily wounded.
* * * LOW HITPOINT WARNING * * *
You feel sick. The kobold hits you with a +0 whip.
* * * LOW HITPOINT WARNING * * *
You closely miss the kobold.
The kobold is heavily wounded.
* * * LOW HITPOINT WARNING * * *
You feel sick. The kobold hits you but does no damage.
The kobold closely misses you. You furiously retaliate!
You headbutt the kobold!
You kill the kobold!
Okay, then.
There is a lethal amount of poison in your body!
Welcome back, mg7810 the Minotaur Delver.
Press ? for a list of commands and other information.
* * * LOW HITPOINT WARNING * * *
You feel sick.
Things that are here:
8 poisoned darts; a +0 whip; a kobold corpse
* * * LOW HITPOINT WARNING * * *
You feel sick.
You die...

#........ #.#
#.####.## . #.#
#.# .# #.# #.#
..# #.# #.# ....
#.# ##.####....#
#.# #...........
#.###.......#..#
#@.(....###.#
######### .. .#
#


There were no monsters in sight!

Vanquished Creatures
  An adder (D:5)
  An ufetubus (D:4)
  An endoplasm (D:4)
  A kobold (D:4)
  A ball python (D:4)
5 creatures vanquished.

Notes
Turn   | Place    | Note
-------+----------+-------------------------------------------
     0 | D:5      | mg7810 the Minotaur Delver began the quest for the Orb.
     0 | D:5      | Reached XP level 1. HP: 19/19 MP: 0/0
    24 | D:5      | Noticed a scorpion
    35 | D:5      | Noticed a black bear
    73 | D:5      | Found a shimmering altar of Xom.
    75 | D:5      | Found a shimmering altar of Xom.
    82 | D:5      | Reached XP level 2. HP: 27/27 MP: 1/1
   104 | D:5      | Noticed an ogre
   171 | D:4      | HP: 1/27 [poisoned by a kobold]
   172 | D:4      | Succumbed to a kobold's poison

Illustrated notes

Levels and vault maps discovered:
D:4:      layout_loops_ring, makhleb_altar_promises_db, feat_on_display
D:5:      layout_basic, nicolae_qazlal_general_emergency,
          nicolae_elyvilon_temple_path, xom_redecorated, uniq_crazy_yiuf_cottage

Action                   || total
-------------------------++-------
Melee: Hand axe          ||     9
Armor: Leather armour    ||     5
Dodge: Dodged            ||    16

Table legend: (Time is in decaauts)
 A = Elapsed time spent in this place.
 B = Non-inter-level travel time spent in this place.
 C = Inter-level travel time spent in this place.
 D = Time resting spent in this place.
 E = Time spent auto-exploring this place.
 F = Levels seen in this place.
 G = Mean time per level.
                   A        B        C        D        E       F      G
               +--------+--------+--------+--------+--------+-----+--------+
         Total |    174 |    174 |      0 |      4 |     13 |   2 |   87.0 |
       Dungeon |    174 |    174 |      0 |      4 |     13 |   2 |   87.0 |
               +--------+--------+--------+--------+--------+-----+--------+

Top non-repeatable levels by time:
     D:5: 124 daAuts
     D:4: 49 daAuts
